 Dungeon Crawl Stone Soup version 0.25-a0-35-g747a2b3c0c (webtiles) character file.

Game seed: 5839413422835776790, levelgen mode: deterministic

375139 ViolentOr the Impregnable (level 21, -15/209 HPs)
             Began as a Minotaur Fighter on Oct 19, 2019.
             Was a High Priest of Okawaru.
             Demolished by a deep troll earth mage (17 damage)
             ... on level 1 of the Depths.
             The game lasted 03:44:18 (54793 turns).

ViolentOr the Impregnable (Minotaur Fighter)       Turns: 54793, Time: 03:44:18

Health: -15/209    AC: 33    Str: 30    XL:     21   Next: 78%
Magic:  22/29      EV: 13    Int:  5    God:    Okawaru [*****.]
Gold:   1767       SH:  0    Dex: 21    Spells: 20/20 levels left

rFire    . . .     SeeInvis .   y - +8 frozen axe "Frostbite" {freezing cloud, *Noise +Fly rC+}
rCold    + . .     Gourm    .   (shield currently unavailable)
rNeg     . . .     Faith    .   p - +3 shadow dragon scales of Chill Winds {rElec Str+4 Dex+3 Stlth++++}
rPois    +         Spirit   .   (helmet restricted)
rElec    +         Reflect  .   Z - +1 cloak {rPois}
rCorr    .         Harm     .   L - +1 pair of gloves {Dex+3}
MR       ++...                  U - +2 pair of boots {Stlth+}
Stlth    +++++.....             G - amulet of the acrobat
HPRegen  0.44/turn              R - ring of Peneiv {MR+ EV+4 Stlth+}
MPRegen  0.21/turn              C - +5 ring of slaying

@: finesse, lightly drained
A: retaliatory headbutt, horns 2, low mp 1
}: 2/15 runes: decaying, gossamer
a: Heroism, Finesse, Renounce Religion, Evoke Flight


You were on level 1 of the Depths.
You worshipped Okawaru.
Okawaru was extremely pleased with you.
You were not hungry.

You visited 9 branches of the dungeon, and saw 41 of its levels.
You also visited: Gauntlet and Wizlab.

You collected 6008 gold pieces.
You spent 4241 gold pieces at shops.

Inventory:

Hand Weapons
 y - the +8 frozen axe "Frostbite" (weapon) {freezing cloud, *Noise +Fly rC+}
   (You bought it in a shop on level 14 of the Dungeon)

   It has been specially enchanted to freeze those struck by it, causing extra
   injury to most foes and up to half again as much damage against particularly
   susceptible opponents.
   It can also slow down cold-blooded creatures.
   It protects you from cold.
   It lets you fly.
   It may make noises in combat.
Missiles
 i - 1689 stones (quivered)
Armour
 p - the +3 shadow dragon scales of Chill Winds (worn) {rElec Str+4 Dex+3 Stlth++++}
   (Okawaru gifted it to you on level 14 of the Dungeon)

   It affects your strength (+4).
   It affects your dexterity (+3).
   It insulates you from electricity.
   It makes you much more stealthy.
 L - a +1 pair of gloves of dexterity (worn)
   (Okawaru gifted it to you on level 4 of the Vaults)
 U - a +2 pair of boots of stealth (worn)
   (You found it on level 3 of the Elven Halls)
 Z - a +1 cloak of poison resistance (worn)
   (You found it on level 2 of the Spider Nest)
Jewellery
 f - the ring of Pusih {rC+ MR+}
   (You found it in a Gauntlet)

   [ring of protection from magic]

   It protects you from cold.
   It affects your resistance to hostile enchantments.
 s - the ring of Nuizat {+Blink rN+ Int-2 Dex+4}
   (You found it on level 2 of the Lair of Beasts)

   [ring of positive energy]

   It affects your intelligence (-2).
   It affects your dexterity (+4).
   It protects you from negative energy.
   It lets you blink.
 C - a +5 ring of slaying (right hand)
   (You found it on level 4 of the Dungeon)
 F - the ring of Fearo {rF++ EV-3}
   (You took it off a deep elf demonologist on level 3 of the Elven Halls)

   [ring of evasion]

   It affects your evasion (-3).
   It greatly protects you from fire.
 G - an amulet of the acrobat (around neck)
   (You found it on level 6 of the Dungeon)
 R - the ring of Peneiv (left hand) {MR+ EV+4 Stlth+}
   (You found it in a Gauntlet)

   [ring of evasion]

   It affects your evasion (+4).
   It affects your resistance to hostile enchantments.
   It makes you more stealthy.
Wands
 d - a wand of iceblast (14)
   (You found it on level 1 of the Lair of Beasts)
 t - a wand of flame (85)
   (You found it on level 7 of the Dungeon)
 u - a wand of paralysis (17)
   (You found it on level 1 of the Lair of Beasts)
 v - a wand of digging (16)
   (You found it on level 4 of the Swamp)
 x - a wand of acid (40)
   (You found it in a Gauntlet)
 D - a wand of clouds (5)
   (You found it on level 2 of the Elven Halls)
 J - a wand of polymorph (11)
   (You found it on level 5 of the Lair of Beasts)
Scrolls
 c - 9 scrolls of enchant armour
 g - 4 scrolls of acquirement
 j - 18 scrolls of teleportation {@r4}
 k - 9 scrolls of fog
 l - 6 scrolls of immolation {!r}
 r - 10 scrolls of remove curse {@r2}
 w - 11 scrolls of identify {@r1}
 E - 8 scrolls of fear
 H - 2 scrolls of brand weapon
 K - a scroll of summoning
 N - 2 scrolls of vulnerability {!r}
 P - a scroll of magic mapping
 Q - 10 scrolls of enchant weapon
 X - 3 scrolls of holy word
 Y - a scroll of blinking
Potions
 a - a potion of invisibility
 b - 6 potions of ambrosia
 h - 4 potions of agility
 m - 18 potions of curing {@q1}
 n - 3 potions of cancellation
 o - 5 potions of lignification {!q}
 q - 7 potions of flight
 I - 3 potions of magic
 M - 4 potions of brilliance
 O - 3 potions of haste {@q3}
 S - a potion of heal wounds {@q2}
 T - 4 potions of might
 W - 3 potions of resistance
Miscellaneous
 z - a phantom mirror
 B - a crystal ball of energy
   (You found it in a Gauntlet)
Comestibles
 e - 46 rations {!d}


   Skills:
 + Level 22.7(22.0) Fighting
 - Level 14.1(13.6) Axes
 + Level 24.2(23.5) Armour
   Level 15.0(14.4) Shields
 - Level 8.0(7.5) Invocations
 + Level 17.1(16.5) Evocations


You had 20 spell levels left.
You didn't know any spells.
Your spell library contained the following spells:

 Spells                   Type           Power        Failure   Level  Hunger
 Animate Skeleton         Necr           N/A          77%         1    ##.....
 Apportation              Tloc           #.....       77%         1    ##.....
 Beastly Appendage        Tmut           #.....       77%         1    ##.....
 Confusing Touch          Hex            #.....       77%         1    ##.....
 Corona                   Hex            #......      77%         1    ##.....
 Flame Tongue             Conj/Fire      #....        77%         1    ##.....
 Infusion                 Chrm           #...         77%         1    ##.....
 Magic Dart               Conj           #...         77%         1    ##.....
 Pain                     Necr           #...         77%         1    ##.....
 Sandblast                Erth           #.....       77%         1    ##.....
 Shock                    Conj/Air       #...         77%         1    ##.....
 Sting                    Conj/Pois      #...         77%         1    ##.....
 Summon Butterflies       Summ           #.......     77%         1    ##.....
 Blink                    Tloc           N/A          88%         2    ###....
 Call Imp                 Summ           #.......     88%         2    ###....
 Passwall                 Tmut/Erth      #.......     88%         2    ###....
 Poisonous Vapours        Pois/Air       #.....       88%         2    ###....
 Shroud of Golubria       Chrm/Tloc      #.....       88%         2    ###....
 Slow                     Hex            #.......     88%         2    ###....
 Song of Slaying          Chrm           #.......     88%         2    ###....
 Sticks to Snakes         Tmut           #.......     88%         2    ###....
 Swiftness                Chrm/Air       #.......     88%         2    ###....
 Call Canine Familiar     Summ           #.......     98%         3    ####...
 Confuse                  Hex            #.......     98%         3    ####...
 Conjure Flame            Conj/Fire      #.......     98%         3    ####...
 Gell's Gravitas          Tloc           #.........   98%         3    ####...
 Ignite Poison            Fire/Tmut/Pois #.......     98%         3    ####...
 Inner Flame              Hex/Fire       #.......     98%         3    ####...
 Lesser Beckoning         Tloc           #.........   98%         3    ####...
 Mephitic Cloud           Conj/Pois/Air  #.......     98%         3    ####...
 Portal Projectile        Hex/Tloc       #.....       98%         3    ####...
 Regeneration             Chrm/Necr      #.........   98%         3    ####...
 Spectral Weapon          Hex/Chrm       #.......     98%         3    ####...
 Spider Form              Tmut/Pois      #.........   98%         3    ####...
 Static Discharge         Conj/Air       #.......     98%         3    ####...
 Stone Arrow              Conj/Erth      #.....       98%         3    ####...
 Tukima's Dance           Hex            #.......     98%         3    ####...
 Vampiric Draining        Necr           #.........   98%         3    ####...
 Airstrike                Air            #.........   100%        4    #####..
 Animate Dead             Necr           N/A          100%        4    #####..
 Cause Fear               Hex            #.........   100%        4    #####..
 Ice Form                 Ice/Tmut       #.......     100%        4    #####..
 Leda's Liquefaction      Hex/Erth       #.........   100%        4    #####..
 Olgreb's Toxic Radiance  Pois           #.......     100%        4    #####..
 Petrify                  Tmut/Erth      #.......     100%        4    #####..
 Summon Ice Beast         Ice/Summ       #.......     100%        4    #####..
 Alistair's Intoxication  Tmut/Pois      #.......     100%        5    ######.
 Blade Hands              Tmut           #.........   100%        5    ######.
 Fireball                 Conj/Fire      #.........   100%        5    ######.
 Irradiate                Conj/Tmut      #.........   100%        5    ######.
 Lee's Rapid Deconstruct  Erth           #.........   100%        5    ######.
 Lightning Bolt           Conj/Air       #.........   100%        5    ######.
 Metabolic Englaciation   Hex/Ice        #.........   100%        5    ######.
 Summon Mana Viper        Hex/Summ       #.......     100%        5    ######.
 Venom Bolt               Conj/Pois      #.........   100%        5    ######.
 Yara's Violent Unravell  Hex/Tmut       #.........   100%        5    ######.
 Bolt of Fire             Conj/Fire      #.........   100%        6    #######
 Freezing Cloud           Conj/Ice/Air   #.........   100%        6    #######
 Hydra Form               Tmut           #.........   100%        6    #######
 Invisibility             Hex            #.......     100%        6    #######
 Statue Form              Tmut/Erth      #........    100%        6    #######
 Dragon Form              Tmut           #.........   100%        7    #######
 Ring of Flames           Chrm/Fire      #.........   100%        7    #######
 Summon Hydra             Summ           #.........   100%        7    #######
 Ignition                 Fire           #.........   100%        8    #######
 Dragon's Call            Summ           #.........   100%        9    #######
 Shatter                  Erth           #.........   100%        9    #######
 Tornado                  Air            #.........   100%        9    #######


Dungeon Overview and Level Annotations

Branches:
Dungeon (15/15)            Temple (1/1) D:7            Lair (6/6) D:9
  Swamp (4/4) Lair:2       Spider (4/4) Lair:4        Slime (0/5) Lair:6
    Orc (2/2) D:10            Elf (3/3) Orc:2        Vaults (4/5) D:13
  Crypt (0/3) Vaults:3     Depths (2/5) D:15         WizLab (visited)
Gauntlet (visited)

Altars:
Ashenzari
Cheibriados
Dithmenos
Elyvilon
Fedhas
Gozag
Hepliaklqana
Kikubaaqudgha
Makhleb
Nemelex Xobeh
Okawaru
Qazlal
Ru
Sif Muna
Trog
Uskayaw
Vehumet
Wu Jian
Xom
Yredelemnul
Zin
The Shining One
Beogh

Shops:
D:10 *   D:14 (   Orc:2 !*:}!   Vaults:1 *?%[

Portals:
Hell: Lair:6
Trove: Elf:1 (show slimy rune of Zot)

Annotations:
Lair:3 Gall2222's ghost, journeyman GnAM
Abyss:1 Arachne; Bai Suzhen; Fannar; Frederick; Grinder; Louise; Roxanne; Rupert


Innate Abilities, Weirdness & Mutations

You reflexively headbutt those who attack you in melee.
You have a pair of horns on your head.
Your magical capacity is low. (-10% MP)


Message History

The golden dragon closely misses you.
The golden dragon tramples you but does no damage.
The frost giant barely misses you. You furiously retaliate!
You headbutt the frost giant.
You climb upwards.
Found 30 gold pieces.
There is a stone staircase leading down here.
You feel much better.
The deep troll bites you but does no damage.
The deep troll misses you.
The deep troll claws you but does no damage.
The stone giant barely misses you.
The deep troll earth mage closely misses you.
You furiously retaliate!
You headbutt the deep troll earth mage, but do no damage.
The deep troll earth mage completely misses you.
The deep troll earth mage claws you!
* * * LOW HITPOINT WARNING * * *
The golden dragon bites you but does no damage.
The golden dragon claws you but does no damage.
The golden dragon completely misses you.
The frost giant barely misses you. You furiously retaliate!
You headbutt the frost giant.
You can now deal lightning-fast blows.
You feel like a meek peon again. The deep troll bites you!
* * * LOW HITPOINT WARNING * * *
The deep troll claws you.
* * * LOW HITPOINT WARNING * * *
The deep troll barely misses you.
The stone giant hits you but does no damage.
The deep troll earth mage bites you but does no damage.
The deep troll earth mage claws you but does no damage. x2
The golden dragon barely misses you. You furiously retaliate!
You headbutt the golden dragon.
The golden dragon completely misses you.
The golden dragon tramples you but does no damage.
You barely miss the deep troll. You headbutt the deep troll.
You hit the deep troll earth mage. You freeze the deep troll earth mage.
You slash the frost giant! You slash the golden dragon!
You freeze the golden dragon. You slice the stone giant!!
You freeze the stone giant.
You kill the stone giant!
Okawaru accepts your kill.
The deep troll bites you but does no damage.
The deep troll claws you but does no damage. x2
The frost giant gestures at you while chanting.
The bolt of cold hits you! You resist.
* * * LOW HITPOINT WARNING * * *
The deep troll earth mage bites you!
You die...

.........# .........#
.........###############
........................
........................
........................
.....####...............
...### ......D.(......
.### .......@T...... ##
......C.T.....$
.##############


You could see a golden dragon, a frost giant, a deep troll and a deep troll
earth mage.

Vanquished Creatures
  Xtahua (Vaults:3)
  Jorgrun (Spider:2)
  2 tentacled monstrosities
  A titan (Vaults:4)
  An acid blob (shapeshifter) (Vaults:4)
  A deep elf master archer (Elf:3)
  4 tentacled starspawn (WizLab)
  The ghost of Mort the Thaumaturge, an adept GnNe of Okawaru (Spider:1)
  Agnes (D:14)
  A thorn hunter (Swamp:4)
  2 ghost moths (Spider:4)
  A frost giant (Vaults:4)
  A fire giant (Vaults:2)
  6 deep elf sorcerers
  A cacodemon (WizLab)
  2 orc warlords
  4 emperor scorpions
  4 vault wardens
  9 ironheart preservers
  4 deep elf elementalists (Elf:3)
  A war gargoyle (WizLab)
  8 stone giants
  11 deep elf demonologists
  4 very ugly things (WizLab)
  A dire elephant (Lair:6)
  Azrael (D:15)
  A minotaur (Gauntlet)
  5 deep elf annihilators
  2 spark wasps
  3 deep elf death magi (Elf:3)
  Snorg (Lair:5)
  6 ettins
  Josephine (Lair:4)
  2 deep elf high priests
  6 yaktaur captains
  6 fire dragons
  9 great orbs of eyes
  9 hydras
  A vault guard (Vaults:2)
  4 ice dragons
  6 rakshasas
  A ghost crab (Swamp:3)
  Erica (D:10)
  9 centaur warriors
  26 two-headed ogres
  A two-headed ogre (shapeshifter) (Elf:3)
  10 alligators
  2 tengu warriors
  3 death knights
  28 dancing weapons
  2 deep troll shamans
  9 ogre magi
  2 death yaks (D:9)
  3 orc high priests
  Urug (Lair:2)
  A vampire mage (Depths:1)
  12 deep elf knights
  2 spriggan berserkers (Depths:2)
  8 glowing orange brains
  6 deep trolls
  3 unseen horrors
  8 swamp dragons
  24 deep elf archers
  A flayed ghost (Vaults:4)
  3 wizards
  12 ironbrand convokers
  A necromancer (Vaults:1)
  A large abomination (Gauntlet)
  7 harpies
  A harpy (shapeshifter) (Vaults:3)
  21 ugly things
  10 orc knights
  3 orc sorcerers
  14 orb spiders
  47 deep elf magi
  7 cyclopes
  A wolf spider zombie (D:15)
  20 wolf spiders
  A manticore (D:11)
  5 elephants (Lair:6)
  2 moths of wrath
  14 vault sentinels
  3 centaur skeletons
  A smoke demon (Lair:6)
  3 black mambas
  Psyche (D:12)
  An orange demon (Lair:6)
  5 eyes of devastation (WizLab)
  A gargoyle (D:12)
  A spiny frog (shapeshifter) (Vaults:2)
  17 spiny frogs
  A rime drake (Lair:6)
  3 komodo dragons
  A rime drake (shapeshifter) (Depths:1)
  21 yaktaurs
  4 kobold demonologists
  3 freezing wraiths
  11 demonic crawlers
  An ice devil (Lair:6)
  29 jumping spiders
  A tengu conjurer (D:13)
  2 polar bears
  3 meliai (D:15)
  A meliai (shapeshifter) (Vaults:3)
  9 tyrant leeches
  8 hornets
  6 trolls
  A harpy skeleton (D:15)
  A raiju (shapeshifter) (Vaults:3)
  10 bog bodies
  8 hippogriffs
  30 slime creatures
  13 blink frogs
  A slime creature (shapeshifter) (Vaults:3)
  A stone giant simulacrum (Vaults:3)
  Sigmund (D:4)
  8 small abominations
  3 spriggans (Swamp:1)
  3 air elementals (Elf:2)
  A vampire (D:13)
  4 shadows
  19 tarantellas
  4 wyverns
  68 redbacks
  7 fire elementals
  A wyvern (shapeshifter) (Vaults:4)
  A human (D:7)
  2 water elementals (Elf:3)
  11 yaks
  A yak (shapeshifter) (D:15)
  Grum (D:8)
  3 wraiths (Lair:4)
  3 basilisks
  A golden eye (shapeshifter) (Vaults:4)
  3 golden eyes (WizLab)
  4 hogs (D:7)
  12 vampire mosquitoes
  A basilisk (shapeshifter) (Vaults:3)
  Menkaure (D:4)
  12 swamp worms
  3 wargs
  A human simulacrum (Vaults:1)
  4 hungry ghosts
  A soldier ant (D:12)
  19 insubstantial wisps
  Duvessa (D:6)
  5 acid dragons
  A water moccasin (shapeshifter) (Vaults:2)
  13 water moccasins
  15 porcupines
  5 hell hounds
  A floating eye (shapeshifter) (Vaults:1)
  15 swamp drakes
  4 sky beasts
  A black bear (shapeshifter) (Vaults:2)
  54 orc warriors
  3 phantoms
  4 black bears
  An orc zombie (Vaults:2)
  3 ice beasts
  An eye of draining (D:12)
  36 ogres
  2 necrophages
  9 boggarts
  10 wolves
  A wolf (shapeshifter) (Vaults:2)
  22 centaurs
  An elf simulacrum (Vaults:4)
  13 crocodiles
  A big kobold (shapeshifter) (Vaults:4)
  7 big kobolds
  17 bullfrogs
  A gnoll sergeant (Orc:2)
  3 earth elementals
  Dowan (D:6)
  2 wyvern skeletons
  A yaktaur skeleton (Vaults:1)
  5 killer bees (D:11)
  3 scorpions
  A howler monkey (D:13)
  2 electric eels (Lair:3)
  11 crimson imps
  5 bullfrog zombies
  2 centaur zombies
  A yaktaur simulacrum (Vaults:1)
  A quasit (D:7)
  9 hounds
  7 jellies
  34 orc priests
  6 bullfrog skeletons
  18 orc wizards
  Jessica (D:2)
  Ijyb (D:3)
  5 iguanas
  7 worker ants
  2 hound skeletons (D:6)
  A worker ant zombie (D:7)
  7 gnolls
  21 adders
  3 river rats (D:9)
  6 shadow imps
  A white imp (Vaults:2)
  3 oozes (Lair:6)
  An adder zombie (D:6)
  2 adder skeletons (D:9)
  A worm (shapeshifter) (Vaults:3)
  4 worms
  3 dart slugs
  5 leopard geckos
  96 orcs
  A ball python (D:3)
  9 giant cockroaches
  8 hobgoblins
  9 jackals
  4 quokkas
  A ball python zombie (D:6)
  4 bats
  7 frilled lizards
  10 goblins
  A jackal skeleton (D:6)
  A jackal zombie (D:6)
  27 kobolds
  A leopard gecko skeleton (D:6)
  2 quokka skeletons
  12 rats
  3 briar patches
  2 crawling corpses (Elf:3)
  7 fungi
  3 plants
  9 starspawn tentacles (WizLab)
1524 creatures vanquished.

Vanquished Creatures (others)
  An ancient lich (Vaults:4)
  Nikola (Spider:2)
  2 deep elf blademasters (Elf:3)
  A moon troll (WizLab)
  A thorn hunter (Swamp:4)
  A shadow dragon (Elf:1)
  2 vault wardens
  A deep elf sorcerer (Elf:3)
  3 emperor scorpions (Spider:4)
  A ghost moth (Spider:3)
  2 very ugly things (WizLab)
  A deep elf elementalist (Elf:3)
  A stone giant (WizLab)
  3 ironheart preservers
  An entropy weaver (Spider:2)
  A starcursed mass (WizLab)
  A deep elf demonologist (Vaults:3)
  A deep elf annihilator (Elf:3)
  A deep elf death mage (Elf:3)
  2 fire dragons
  3 great orbs of eyes (WizLab)
  An ice dragon (Vaults:2)
  6 hydras
  3 centaur warriors
  A death knight (Vaults:1)
  A tengu warrior (D:13)
  2 alligators
  2 two-headed ogres
  3 dancing weapons (Elf:2)
  A deep troll earth mage (Vaults:3)
  2 orc high priests (Elf:3)
  A wretched star (WizLab)
  2 deep elf knights
  A sixfirhy (Lair:6)
  2 shadow wraiths
  A large abomination (Gauntlet)
  2 glowing orange brains (WizLab)
  2 deep trolls
  An orange crystal statue (WizLab)
  A spriggan druid (Swamp:4)
  5 swamp dragons
  A sea snake (shapeshifter) (D:15)
  3 harpies
  4 deep elf archers
  A wizard (Vaults:2)
  5 ironbrand convokers
  3 orc knights
  3 orb spiders
  7 ugly things
  2 wolf spiders (Spider:4)
  9 deep elf magi
  2 cyclopes (Vaults:2)
  A manticore (D:13)
  An elephant (Lair:6)
  A vault sentinel (Vaults:1)
  A centaur zombie (D:11)
  A black mamba (Lair:6)
  An eye of devastation (WizLab)
  A spiny frog (Lair:5)
  3 yaktaurs
  2 orange demons (Lair:6)
  2 freezing wraiths
  2 komodo dragons (Lair:2)
  2 centaur skeletons
  A minotaur zombie (Gauntlet)
  2 rime drakes (Lair:6)
  A kobold demonologist (D:11)
  4 demonic crawlers
  A troll (D:13)
  2 jumping spiders
  2 tyrant leeches
  3 blink frogs
  5 slime creatures
  2 hippogriffs
  7 redbacks
  A wraith (Lair:4)
  2 tarantellas
  A wyvern (D:15)
  2 yaks (D:11)
  2 basilisks
  An insubstantial wisp (Swamp:1)
  A swamp worm (Swamp:1)
  A water moccasin (Lair:5)
  A human skeleton (Vaults:1)
  A floating eye (shapeshifter) (D:15)
  2 hell hounds (Lair:6)
  A swamp drake (Swamp:1)
  4 orc warriors
  4 centaurs
  A crocodile (D:13)
  2 bullfrogs
  An earth elemental (Elf:3)
  A scorpion (D:8)
  2 orc priests
  A worker ant zombie (D:6)
  An adder (D:4)
  A howler monkey skeleton (D:6)
  An orc (D:13)
  A hobgoblin (D:10)
  A kobold (D:11)
  2 briar patches
  A bush (Lair:5)
  A crawling corpse (Elf:3)
  24 demonic plants
  11 fungi
  22 plants
  23 starspawn tentacles (WizLab)
  A withered plant (Spider:1)
281 creatures vanquished.

Grand Total: 1805 creatures vanquished

Notes
Turn   | Place    | Note
-------+----------+-------------------------------------------
     0 | D:1      | ViolentOr the Minotaur Fighter began the quest for the Orb.
     0 | D:1      | Reached XP level 1. HP: 19/19 MP: 0/0
   120 | D:1      | Reached XP level 2. HP: 27/27 MP: 1/1
   388 | D:1      | Reached skill level 4 in Armour
   510 | D:2      | Reached XP level 3. HP: 22/33 MP: 2/2
   577 | D:2      | Reached XP level 4. HP: 37/40 MP: 3/3
   664 | D:2      | Noticed Jessica
   668 | D:2      | Killed Jessica
  1203 | D:3      | Reached XP level 5. HP: 47/47 MP: 4/4
  1441 | D:3      | Found a shadowy altar of Dithmenos.
  1754 | D:3      | Reached skill level 5 in Axes
  1950 | D:3      | Noticed Ijyb
  1959 | D:3      | Killed Ijyb
  2073 | D:4      | Found a blossoming altar of Fedhas.
  2078 | D:4      | Reached skill level 5 in Fighting
  2115 | D:4      | Noticed Menkaure
  2122 | D:4      | Killed Menkaure
  2122 | D:4      | Reached skill level 5 in Armour
  2122 | D:4      | Reached XP level 6. HP: 29/56 MP: 5/5
  2331 | D:4      | Noticed Sigmund
  2370 | D:4      | Killed Sigmund
  2370 | D:4      | Reached XP level 7. HP: 10/62 MP: 6/6
  2774 | D:5      | Entered Level 5 of the Dungeon
  2794 | D:5      | Reached skill level 6 in Armour
  2817 | D:5      | Noticed Grinder
  2857 | D:5      | Banished Grinder
  3147 | D:5      | Reached XP level 8. HP: 68/71 MP: 1/7
  3373 | D:5      | Found a radiant altar of Vehumet.
  3392 | D:6      | Noticed Dowan
  3401 | D:6      | Noticed Duvessa
  3406 | D:6      | Reached skill level 7 in Armour
  3416 | D:6      | Killed Duvessa
  3632 | D:6      | Killed Dowan
  3674 | D:6      | Reached skill level 10 in Axes
  3696 | D:6      | Reached XP level 9. HP: 69/81 MP: 6/8
  3778 | D:6      | Reached skill level 8 in Armour
  4020 | D:6      | Got a twisted robe
  4133 | D:7      | Found an ancient bone altar of Kikubaaqudgha.
  4149 | D:7      | Got a crude hunting sling
  4284 | D:7      | Found a snail-covered altar of Cheibriados.
  4286 | D:7      | Found an iron altar of Okawaru.
  4289 | D:7      | Found a white marble altar of Elyvilon.
  4304 | D:7      | Became a worshipper of Warmaster Okawaru
  4310 | D:7      | Found a staircase to the Ecumenical Temple.
  4371 | Temple   | Entered the Ecumenical Temple
  4613 | D:7      | Reached skill level 1 in Evocations
  4840 | D:7      | Reached * piety under Okawaru
  5068 | D:8      | Reached skill level 9 in Armour
  5101 | D:8      | Reached ** piety under Okawaru
  5140 | D:8      | You fall into a shaft and drop 1 floor!
  5208 | D:9      | Reached XP level 10. HP: 87/91 MP: 8/11
  5405 | D:8      | Noticed Grum
  5464 | D:8      | Killed Grum
  5515 | D:8      | Reached *** piety under Okawaru
  5888 | D:9      | Found a shimmering blue altar of Sif Muna.
  5987 | D:9      | Reached skill level 10 in Armour
  6219 | D:9      | Found a staircase to the Lair.
  6220 | D:9      | Noticed a death yak
  6220 | D:9      | Noticed a death yak
  6221 | D:9      | Noticed a death yak
  6225 | D:9      | Killed a death yak
  6225 | D:9      | Reached skill level 5 in Shields
  6250 | D:9      | Killed a death yak
  6250 | D:9      | Reached **** piety under Okawaru
  6613 | D:10     | Entered Level 10 of the Dungeon
  6712 | D:10     | Found a staircase to the Orcish Mines.
  6789 | D:10     | Reached XP level 11. HP: 97/99 MP: 13/13
  6872 | D:10     | Noticed Erica
  6872 | D:10     | Noticed a two-headed ogre
  6900 | D:10     | Killed Erica
  6900 | D:10     | Reached ***** piety under Okawaru
  6900 | D:10     | Reached skill level 10 in Fighting
  6907 | D:10     | Reached skill level 11 in Armour
  7029 | D:10     | Found Plog's Assorted Antiques.
  7311 | D:10     | Killed a two-headed ogre
  7311 | D:10     | Received a gift from Okawaru
  7485 | Lair:1   | Entered Level 1 of the Lair of Beasts
  7757 | Lair:1   | Noticed Fannar
  8606 | Lair:1   | Banished Fannar
  8606 | Lair:1   | Reached skill level 5 in Evocations
  8777 | Lair:2   | Noticed Urug
  8782 | Lair:2   | Killed Urug
  8788 | Lair:2   | Reached skill level 1 in Invocations
  8831 | Lair:2   | Reached skill level 12 in Armour
  9044 | Lair:2   | Got a faintly glowing bone ring
  9046 | Lair:2   | Identified the ring of Nuizat {+Blink rN+ Int-2 Dex+4} (You
                  | found it on level 2 of the Lair of Beasts)
  9221 | Lair:2   | Found a staircase to the Swamp.
  9295 | Lair:2   | Found a blossoming altar of Fedhas.
  9525 | Lair:3   | Received a gift from Okawaru
  9533 | Lair:3   | Got a bloodstained lajatang {god gift}
  9547 | Lair:3   | Reached XP level 12. HP: 102/108 MP: 14/14
  9658 | Lair:3   | Noticed a four-headed hydra
  9659 | Lair:3   | Found a runed translucent gate.
  9659 | Lair:3   | Noticed Gall2222's ghost (journeyman GnAM)
  9659 | Lair:3   | Noticed a seven-headed hydra
  9720 | Lair:3   | Got an ancient hunting sling
  9821 | Lair:3   | Found a runed translucent gate.
  9826 | Lair:3   | Noticed Rupert
  9891 | Lair:3   | Found a runed translucent gate.
  9904 | Lair:3   | Banished Rupert
 10391 | Lair:3   | Identified the +3 lajatang "Transmigrator" {flame, +Blink
                  | rC- MR+ Dex+3} (Okawaru gifted it to you on level 3 of the
                  | Lair of Beasts)
 10461 | Lair:4   | Reached skill level 13 in Armour
 10496 | Lair:4   | Noticed a five-headed hydra
 10509 | Lair:4   | Killed a five-headed hydra
 10782 | Lair:4   | Noticed Josephine
 10795 | Lair:4   | Killed Josephine
 10795 | Lair:4   | Received a gift from Okawaru
 10978 | Lair:4   | Found a hole to the Spider Nest.
 11044 | Lair:4   | Noticed a seven-headed hydra
 11059 | Lair:4   | Banished an 11-headed hydra
 11315 | Lair:5   | Noticed Snorg
 11333 | Lair:5   | Reached skill level 10 in Shields
 11341 | Lair:5   | Killed Snorg
 11686 | Lair:5   | Noticed a six-headed hydra
 11989 | Lair:6   | Entered Level 6 of the Lair of Beasts
 11989 | Lair:6   | Noticed a five-headed hydra
 12001 | Lair:5   | Banished an 11-headed hydra
 12001 | Lair:5   | Reached XP level 13. HP: 86/117 MP: 15/15
 12133 | Lair:6   | Reached skill level 14 in Armour
 12322 | Lair:6   | Reached ****** piety under Okawaru
 12322 | Lair:6   | Reached skill level 5 in Invocations
 12348 | Lair:6   | Identified the cursed +0 hunting sling of Valour {freeze,
                  | +Blink +Inv Str+3 Dex+3} (You found it on level 3 of the
                  | Lair of Beasts)
 12569 | Lair:6   | Received a gift from Okawaru
 12739 | Lair:6   | Noticed a dire elephant
 12956 | Lair:6   | Found a burning altar of Makhleb.
 12999 | Lair:6   | Found a gateway to Hell.
 13119 | Lair:6   | Killed a dire elephant
 13213 | Lair:6   | Received a gift from Okawaru
 13258 | Lair:6   | Found a staircase to the Slime Pits.
 14146 | D:11     | Reached skill level 15 in Armour
 14670 | D:11     | Received a gift from Okawaru
 14671 | D:11     | Found the +6 arbalest "Damnation" {damnation}
 15018 | Orc:1    | Entered Level 1 of the Orcish Mines
 15606 | Orc:2    | Entered Level 2 of the Orcish Mines
 15606 | Orc:2    | Noticed an orc warlord
 15628 | Orc:1    | Killed an orc warlord
 15628 | Orc:1    | Reached XP level 14. HP: 56/127 MP: 17/17
 16513 | Orc:2    | Found a staircase to the Elven Halls.
 16515 | Orc:2    | Found Weanomeu's Distillery.
 16532 | Orc:2    | Bought a potion of heal wounds for 70 gold pieces
 16532 | Orc:2    | Bought a potion of heal wounds for 70 gold pieces
 16984 | Orc:2    | Found Zefys's Gadget Boutique.
 16984 | Orc:2    | Found Gaxaciva's Book Shoppe.
 16986 | Orc:2    | Found Ofa Goll's General Store.
 16988 | Orc:2    | Found Aseemalo's Distillery.
 16992 | Orc:2    | Bought a wand of acid (6) for 320 gold pieces
 16995 | Orc:2    | Bought a scroll of identify for 34 gold pieces
 16995 | Orc:2    | Bought a +2 pair of boots for 280 gold pieces
 16995 | Orc:2    | Bought a scroll of magic mapping for 59 gold pieces
 16995 | Orc:2    | Bought a wand of acid (9) for 442 gold pieces
 16995 | Orc:2    | Bought a scroll of identify for 34 gold pieces
 17008 | Orc:2    | Identified a scroll of acquirement
 17247 | Orc:1    | Received a gift from Okawaru
 17533 | D:12     | Found a gate leading to a gauntlet.
 17550 | Gauntlet | Entered a Gauntlet
 17550 | Gauntlet | Found a transporter.
 17550 | Gauntlet | Found a transporter.
 17554 | Gauntlet | Found a transporter.
 17555 | Gauntlet | Found a transporter.
 17564 | Gauntlet | Found a transporter.
 17574 | Gauntlet | Found a transporter.
 17574 | Gauntlet | Found a transporter.
 17598 | Gauntlet | Found a transporter.
 17607 | Gauntlet | Found a transporter.
 17629 | Gauntlet | Found a transporter.
 17649 | Gauntlet | Found a transporter.
 17671 | Gauntlet | Found a transporter.
 17717 | Gauntlet | Found a transporter.
 17731 | Gauntlet | Found a transporter.
 17832 | Gauntlet | Found a transporter.
 17849 | Gauntlet | Found a transporter.
 18296 | Gauntlet | Got a twitching bone ring
 18364 | Gauntlet | Got a polished cloak
 18375 | Gauntlet | Identified the -4 cloak of Democracy {rPois} (You found it
                  | in a Gauntlet)
 18411 | Gauntlet | Identified the ring of Peneiv {MR+ EV+4 Stlth+} (You found
                  | it in a Gauntlet)
 18470 | Gauntlet | Identified the Reference Book on Shifting Beguiling
 18481 | Gauntlet | Got a slimy platinum ring
 18484 | Gauntlet | Identified the ring of Pusih {rC+ MR+} (You found it in a
                  | Gauntlet)
 18690 | D:12     | Noticed Psyche
 18703 | D:12     | Killed Psyche
 19068 | D:12     | Found a roughly hewn altar of Beogh.
 19091 | D:12     | Reached skill level 16 in Armour
 19700 | D:13     | Noticed an ironheart preserver
 19704 | D:13     | Found a gate to the Vaults.
 19774 | D:13     | Killed an ironheart preserver
 20677 | D:14     | Found Xitos's Antique Weapon Boutique.
 20694 | D:14     | Noticed Agnes
 20711 | D:14     | Killed Agnes
 20711 | D:14     | Received a gift from Okawaru
 20727 | D:14     | Reached XP level 15. HP: 37/136 MP: 19/19
 20749 | D:14     | Got transparent shadow dragon scales {god gift}
 20755 | D:14     | Identified the +3 shadow dragon scales of Chill Winds
                  | {rElec Str+4 Dex+3 Stlth++++} (Okawaru gifted it to you on
                  | level 14 of the Dungeon)
 21208 | D:14     | Found a sacrificial altar of Ru.
 21585 | D:15     | Entered Level 15 of the Dungeon
 21810 | D:15     | Noticed Azrael
 22171 | D:15     | Found a staircase to the Depths.
 22887 | D:15     | Killed Azrael
 22902 | D:15     | Found a staircase to the Depths.
 23267 | Swamp:1  | Entered Level 1 of the Swamp
 23844 | Swamp:1  | Reached skill level 17 in Armour
 23844 | Swamp:1  | Reached skill level 15 in Shields
 24133 | Swamp:1  | Received a gift from Okawaru
 24416 | Swamp:2  | Noticed Roxanne
 24448 | Swamp:2  | Banished Roxanne
 25361 | Swamp:3  | Noticed a thorn hunter
 25373 | Swamp:3  | Banished a thorn hunter
 26184 | Swamp:4  | Entered Level 4 of the Swamp
 26231 | Swamp:4  | Reached XP level 16. HP: 82/147 MP: 19/21
 26268 | Swamp:4  | Noticed a thorn hunter
 26687 | Swamp:4  | Reached skill level 15 in Fighting
 26693 | Swamp:4  | Killed a thorn hunter
 26710 | Swamp:4  | Received a gift from Okawaru
 27325 | Swamp:4  | Reached skill level 18 in Armour
 27429 | Swamp:4  | Noticed a thorn hunter
 27815 | Swamp:4  | Reached skill level 10 in Evocations
 27830 | Swamp:4  | Got a decaying rune of Zot
 27991 | Swamp:4  | Banished a thorn hunter
 28374 | Spider:1 | Entered Level 1 of the Spider Nest
 28697 | Spider:1 | Received a gift from Okawaru
 28765 | Spider:1 | Found a runed translucent door.
 28765 | Spider:1 | Noticed Mort's ghost (adept GnNe)
 29977 | Spider:2 | Noticed Nikola
 30126 | Spider:1 | Killed Mort's ghost
 30845 | Spider:2 | Killed Nikola
 31204 | Spider:3 | Noticed Bai Suzhen
 31225 | Spider:3 | Noticed Arachne
 31266 | Spider:3 | Noticed Louise
 31275 | Spider:3 | Noticed Jorgrun
 31673 | Spider:2 | Killed Jorgrun
 31673 | Spider:2 | Reached skill level 19 in Armour
 31673 | Spider:2 | Reached XP level 17. HP: 130/159 MP: 22/24
 31708 | Spider:2 | Banished Bai Suzhen
 31974 | Spider:2 | Banished Louise
 32340 | Spider:3 | Banished Arachne
 32737 | Spider:4 | Entered Level 4 of the Spider Nest
 33831 | Spider:4 | Received a gift from Okawaru
 33832 | Spider:4 | Got an encrusted chain mail {god gift}
 34040 | Spider:4 | Identified the +2 chain mail of Shadows and Fog {rCorr}
                  | (Okawaru gifted it to you on level 4 of the Spider Nest)
 34348 | Spider:4 | Got a gossamer rune of Zot
 34721 | Vaults:1 | Entered Level 1 of the Vaults
 34739 | Vaults:1 | Found Vaet's Assorted Antiques.
 34742 | Vaults:1 | Bought a potion of heal wounds for 125 gold pieces
 34742 | Vaults:1 | Bought a potion of heal wounds for 125 gold pieces
 34885 | Vaults:1 | Reached skill level 20 in Armour
 35104 | Vaults:1 | Paralysed by an orc sorcerer for 7 turns
 35457 | Vaults:1 | Reached XP level 18. HP: 91/172 MP: 26/26
 35459 | Vaults:1 | Paralysed by a floating eye for 3 turns
 35846 | Vaults:1 | Found Miga's Magic Scroll Shoppe.
 35846 | Vaults:1 | Found Putzet's Food Boutique.
 36347 | Vaults:1 | Found Emaib's Antique Armour Emporium.
 36817 | Vaults:2 | Found a magical portal.
 36915 | WizLab   | Found a transporter.
 37444 | WizLab   | Got a scintillating lead ring
 37446 | WizLab   | Identified the ring "Besoanum" {EV+3 Int+4} (You found it
                  | in a wizard's laboratory)
 37704 | WizLab   | Found a transporter.
 38174 | WizLab   | Noticed a moon troll
 38647 | WizLab   | Banished a moon troll
 38714 | WizLab   | Gained mutation: Your magical capacity is low. (-10% MP) [a
                  | cacodemon]
 38764 | WizLab   | Got a smoking emerald amulet
 38765 | WizLab   | Identified the amulet "Biad" {RegenMP rElec rPois Int-3}
                  | (You found it in a wizard's laboratory)
 38768 | WizLab   | Got a warped pewter ring
 38769 | WizLab   | Identified the ring "Fank" {+Blink rPois rF+ rC+ MP+9
                  | Dex+4} (You found it in a wizard's laboratory)
 38938 | Vaults:2 | Received a gift from Okawaru
 38953 | Vaults:2 | Reached skill level 21 in Armour
 39451 | Vaults:2 | Received a gift from Okawaru
 39838 | Vaults:2 | Reached XP level 19. HP: 183/183 MP: 25/25
 40728 | Vaults:3 | Received a gift from Okawaru
 40737 | Vaults:3 | Noticed Xtahua
 41186 | Vaults:3 | Killed Xtahua
 41191 | Vaults:3 | You fall into a shaft and drop 1 floor!
 41851 | Vaults:4 | Received a gift from Okawaru
 42430 | Vaults:4 | Reached skill level 22 in Armour
 42431 | Vaults:4 | HP: 2/185 [ettin/+0 dire flail (32)]
 43503 | Vaults:3 | Reached skill level 15 in Evocations
 43628 | Vaults:4 | Received a gift from Okawaru
 43628 | Vaults:4 | Reached XP level 20. HP: 64/195 MP: 27/27
 43668 | Vaults:4 | Got a bronze troll leather armour {god gift}
 44166 | Vaults:3 | Identified the +2 troll leather armour of Complete
                  | Protection {Regen+ Dex+7} (Okawaru gifted it to you on
                  | level 4 of the Vaults)
 44754 | Vaults:3 | Found a staircase to the Crypt.
 45395 | Vaults:4 | Got a scorched shortbow
 45438 | Vaults:4 | Got a brightly glowing chain mail
 45439 | Vaults:4 | Identified the +8 chain mail of Viuprit {Dex+4} (You found
                  | it on level 4 of the Vaults)
 45466 | Vaults:4 | Noticed an ancient lich
 45692 | Vaults:4 | Noticed Frederick
 46033 | Vaults:4 | Banished an ancient lich
 46348 | Vaults:4 | Banished Frederick
 47121 | Elf:1    | Entered Level 1 of the Elven Halls
 47488 | Elf:1    | Got a fine long sword
 47495 | Elf:1    | Found a portal to a secret trove of treasure.
 48136 | Elf:1    | Found a runed translucent gate.
 48136 | Elf:1    | Found a runed translucent gate.
 48136 | Elf:1    | Found a runed translucent gate.
 48136 | Elf:1    | Found a runed translucent gate.
 48136 | Elf:1    | Found a runed translucent gate.
 48137 | Elf:1    | Found a runed translucent gate.
 48154 | Elf:1    | Identified Rusa's Witchery, Part One
 48524 | Elf:1    | Found an ancient bone altar of Kikubaaqudgha.
 49018 | Elf:1    | Reached skill level 23 in Armour
 49198 | Elf:2    | Identified the +4 war axe "Gesyrch" {protect, MR- Str+5
                  | Int+4}
 49342 | Elf:2    | Found a runed translucent gate.
 49342 | Elf:2    | Found a runed translucent gate.
 49342 | Elf:2    | Found a runed translucent gate.
 49469 | Elf:2    | Received a gift from Okawaru
 50936 | Elf:3    | Entered Level 3 of the Elven Halls
 51223 | Elf:3    | Received a gift from Okawaru
 51348 | Elf:3    | Reached XP level 21. HP: 20/206 MP: 26/28
 51817 | Elf:3    | Identified the ring of Egixt {rElec rN+}
 51847 | Elf:3    | Identified the +1 morningstar of the Hierophant {vamp, rF+
                  | rC- rN++ Str+4}
 51847 | Elf:3    | Identified the ring "Woaheohe" {rPois rF- rN+ Int+4}
 52357 | Elf:3    | Identified the cursed ring of Fearo {rF++ EV-3}
 52366 | Elf:3    | Identified the +10 scale mail "Wiam" {Str+10}
 52830 | Elf:3    | Got an ichor-stained scale mail
 52836 | Elf:3    | Identified the +5 scale mail "Paam Eck" {+Fly Int+2 Slay+2}
                  | (You found it on level 3 of the Elven Halls)
 53543 | D:14     | Bought the +8 frozen axe "Frostbite" {freezing cloud,
                  | *Noise +Fly rC+} for 2682 gold pieces
 53543 | D:14     | Found the +8 frozen axe "Frostbite" {freezing cloud, *Noise
                  | +Fly rC+}
 53626 | Depths:1 | Entered Level 1 of the Depths
 54040 | Depths:1 | Reached skill level 24 in Armour
 54728 | Depths:1 | You fall into a shaft and drop 1 floor!
 54766 | Depths:2 | Noticed a golden dragon
 54793 | Depths:1 | HP: 2/209 [frost giant/bolt of cold (15)]
 54793 | Depths:1 | Demolished by a deep troll earth mage

Levels and vault maps discovered:
D:1:      lightli_arrival_boilingwater, layout_rooms, hangedman_decor_lopped
D:2:      layout_loops_ring, serial_bayou_pond_e, uniq_jessica
D:3:      wad_crossroads, layout_basic, old_standard_altar, uniq_ijyb
D:4:      layout_rooms, overflow_temple_1_default, minmay_goblin_kobold_house,
          uniq_menkaure, uniq_sigmund
D:5:      layout_cave_pools, kennysheep_mini, first_ration, uniq_grinder
D:6:      layout_rooms, serial_undead, serial_undead_a, serial_undead_a,
          serial_undead_b, serial_undead_b, bh_walls_and_bars, uniq_duvessa
D:7:      layout_gridville, overflow_temple_1_default,
          chequers_temple_overflow_statue_of_worship,
          minmay_temple_entry_proselytizer, grunt_livestock
D:8:      layout_loops_ring, uniq_grum
D:9:      layout_basic, dpeg_lair_monsters, grunt_ministairs_15, led_sif_book
D:10:     layout_loops_ring, erik_orc_3, serial_shops, shop, solitary_fountain,
          uniq_erica
D:11:     layout_gridville
D:12:     layout_basic, gauntlet_entry_generic, special_room [special_room_orc],
          uniq_psyche
D:13:     layout_roguey, skrybe_vaults_entry_preservation
D:14:     layout_irregular_city, serial_shops, shop,
          nicolae_ru_sacrificial_ziggurat, uniq_agnes
D:15:     gammafunk_enter_depths_forms, layout_rooms, uniq_azrael
Temple:   regret_index_temple_waves
Lair:1:   layout_regular_city, beast_lair_carwin_1, uniq_fannar
Lair:2:   layout_chaotic_city, minmay_swamp_entry_swarm, basic_altar,
          chequers_serial_rivers_room_a, serial_bayou_pond_d,
          grunt_megastairs_5, uniq_urug
Lair:3:   layout_loops_ring, gammafunk_ghost_split, serial_bayou_pond_d,
          cheibrodos_lair_reptile_den, grunt_megastairs_4, serial_bayou_shore_a,
          uniq_rupert
Lair:4:   layout_cave_shapes, dummy_spider_entry, serial_bayou_pond_d,
          st_stairs_10, infiniplex_staircase_pool_2, uniq_josephine
Lair:5:   layout_gridlike, uniq_snorg
Lair:6:   evil_forest, layout_gridlike, nicolae_slime_entry_slimehenge
Swamp:1:  layout_basic_swamp, evilmike_swamp_ruin_house_1, swamp_pool1,
          hangedman_swamp_blocks
Swamp:2:  layout_basic_swamp, evilmike_swamp_ruin_house_5, uniq_roxanne
Swamp:3:  layout_basic_swamp, hangedman_swamp_cone
Swamp:4:  swamp, layout_basic_swamp, swamp_pool3, nicolae_swamp_fairy_circle,
          grunt_hermit_hut
Spider:1: layout_spider_delve, gammafunk_ghost_grave
Spider:2: layout_spider_delve, nicolae_spider_cling_ruins, uniq_nikola
Spider:3: layout_spider_delve, uniq_jorgrun, uniq_arachne, uniq_louise,
          uniq_bai_suzhen
Spider:4: grunt_spider_rune_circles, spiders_nest_the_unseen
Orc:1:    layout_caves
Orc:2:    st_orc_rangers, layout_caves, serial_shops, shop, rock_pile
Elf:1:    layout_onion_city, enter_trove_2, basic_altar, orc_legates
Elf:2:    layout_loops_cross, minmay_the_grid_square_5x5_3x3_mashed
          [minmay_the_grid_square_5x5_moneybag,
          minmay_the_grid_square_5x5_two_small,
          minmay_the_grid_square_5x5_sharp_hourglass,
          minmay_the_grid_square_5x5_checkered_statues,
          minmay_the_grid_square_5x5_megaprize_hollow,
          minmay_the_grid_square_5x5_three_small,
          minmay_the_grid_square_5x5_three,
          minmay_the_grid_square_5x5_half_checkered,
          minmay_the_grid_square_5x5_seven]
Elf:3:    grunt_elf_hall_spiral, layout_geoelf_grid, special_room
          [special_room_orc]
Vaults:1: vaults_room_hallway, nicolae_vaults_hallways_thing,
          nicolae_vaults_arrows, nicolae_vaults_sealed_display, v_misc_5,
          nicolae_vaults_alarming, v_rooms_3, dpeg_vaults_monster_row,
          vaults_room_large_hall, nicolae_vaults_diagonal_hallway_7,
          ontoclasm_vaults_ring_small, vaults_room_pool,
          nicolae_vaults_murderbox, layout_vaults_omnibox, serial_shops,
          nicolae_shop_waterfront, nicolae_shop_statue_plus,
          nicolae_shop_crystal, nicolae_shop_statue_plus
Vaults:2: vaults_mumra_bighexcomb, hangedman_vaults_restitches,
          vaults_dpeg_hooks, nicolae_vaults_circle_grid_b, grunt_vaults_bifocal,
          serial_ice_b, vaults_room_pool, nicolae_vaults_mini_display_case,
          vaults_room_grid, vaults_room_pool, layout_vaults_omnicross,
          mu_enter_wizlab_4
Vaults:3: st_hourglassy, hangedman_vaults_cutoff, hangedman_vaults_slither,
          blue_anna_dwarven_crypt, nicolae_vaults_circle_grid_b,
          hangedman_vaults_corner_blocks, vaults_mumra_hex,
          nicolae_vaults_asterisk, vaults_room_pool, ontoclasm_vaults_chip,
          grunt_vaults_hallway_short, vaults_mumra_hexcomb,
          dpeg_vaults_monster_box, layout_vaults_chaotic_city, uniq_xtahua
Vaults:4: hangedman_vaults_variations, v_misc_2, ontoclasm_vaults_pinch,
          v_misc_33, nicolae_vaults_diagonal_hallway_9,
          nicolae_vaults_specimen_jars, ontoclasm_vaults_gallery, serial_ice_h,
          ontoclasm_vaults_ligature, vaults_room_hallway,
          nicolae_vaults_yaktaur_gun_rack, layout_vaults_quadrants,
          uniq_frederick
Depths:1: layout_forbidden_donut, enter_ziggurat_b,
          grunt_hell_entry_demonic_statue, ebering_ghost_xom,
          minmay_misc_feat_x, marbit_kobold_abyss_entry, st_stairs_4,
          onia_ninara_cookie, uniq_sojobo, uniq_saint_roka
Depths:2: minmay_triangles_in_corner, layout_gridville, pf_dread_powers_of_hell,
          minmay_crystal_room, serial_sigils, serial_sigils_hangedman_stare,
          serial_sigils_hangedman_shear, serial_sigils_hangedman_quiver,
          serial_sigils_hangedman_confine, serial_sigils_hangedman_leer,
          serial_sigils_hangedman_writhe, nrook_uturn

Skill      XL: |  1  2  3  4  5  6  7  8  9 10 11 12 13 14 15 16 17 18 19 20 21 |
---------------+----------------------------------------------------------------+-----
Axes           | 3 4 5 6 8 10 11 12 14 | 14.1
Fighting       | 4 5 6 8 9 10 11 12 13 14 16 18 19 20 21 22 | 22.7
Armour         | 4 5 6 7 9 10 12 13 15 16 17 19 20 21 22 23 24 | 24.2
Evocations     | 2 4 5 6 7 9 11 12 13 15 16 17 | 17.1
Shields        | 5 7 10 12 14 15 | 15.0
Invocations    | 2 4 6 7 8 |  8.0

Action                   |  1- 3 |  4- 6 |  7- 9 | 10-12 | 13-15 | 16-18 | 19-21 || total
-------------------------+-------+-------+-------+-------+-------+-------+-------++-------
Melee: War axe           |    63 |    63 |       |       |       |       |       ||   126
       Headbutt          |     5 |    21 |    36 |   132 |   396 |   567 |   589 ||  1746
       Hand axe          |       |    72 |   195 |   478 |  1459 |  1518 |  1463 ||  5185
       Executioner's axe |       |       |       |       |       |       |    87 ||    87
Throw: Stone             |       |       |       |    10 |    16 |    26 |     4 ||    56
Invok: Heroism           |       |       |     1 |     3 |    26 |    31 |    37 ||    98
       Finesse           |       |       |       |       |     2 |    15 |     8 ||    25
Evoke: Wand              |       |       |       |    24 |    20 |     4 |     1 ||    49
       Crystal ball of e |       |       |       |       |     1 |       |       ||     1
  Use: Potion            |       |     1 |       |       |     1 |     4 |     7 ||    13
       Scroll            |       |       |    17 |    13 |    11 |    13 |    12 ||    66
 Stab: Paralysed         |       |       |       |     5 |       |       |       ||     5
       Distracted        |       |       |       |       |     1 |     4 |     8 ||    13
       Sleeping          |       |       |       |       |     8 |    12 |    11 ||    31
       Invisible         |       |       |       |       |       |       |     4 ||     4
  Eat: Chunk             |       |     5 |     9 |    14 |    21 |    14 |    16 ||    79
       Ration            |       |       |       |     3 |     7 |     9 |    10 ||    29
Armor: Scale mail        |    14 |       |       |       |       |       |       ||    14
       Chain mail        |     5 |    55 |    83 |   152 |   238 |       |       ||   533
       Shadow dragon sca |       |       |       |       |   157 |   546 |   500 ||  1203
       Ring mail         |       |       |       |       |       |       |     1 ||     1
Dodge: Dodged            |    19 |    22 |    38 |   103 |   569 |   773 |   665 ||  2189
Block: Shield            |    34 |    53 |    74 |   177 |   851 |   887 |   826 ||  2902

Table legend:
 A = Non-vault XP
 B = Vault XP
 C = Vault XP percentage of total XP
 D = Non-vault monster count
 E = Vault monster count
 F = Vault count percentage of total count
                 A         B        C        D         E       F
            +---------+---------+-------+---------+---------+-------
      Total |  356076 |  324272 |  47.7 |    1119 |     593 |  34.6
            +---------+---------+-------+---------+---------+-------
        D:1 |      31 |       0 |   0.0 |      16 |       0 |   0.0
        D:2 |     121 |      37 |  23.4 |      23 |       1 |   4.2
        D:3 |      42 |      42 |  50.0 |      25 |       4 |  13.8
        D:4 |     149 |     407 |  73.2 |      16 |       6 |  27.3
        D:5 |     708 |     168 |  19.2 |      19 |       1 |   5.0
        D:6 |     831 |     509 |  38.0 |      24 |      14 |  36.8
        D:7 |     634 |    1028 |  61.9 |      13 |       6 |  31.6
        D:8 |    1724 |     552 |  24.3 |      21 |       4 |  16.0
        D:9 |    1130 |    2218 |  66.2 |      23 |       8 |  25.8
       D:10 |    1495 |    1511 |  50.3 |      18 |      18 |  50.0
       D:11 |    8241 |       0 |   0.0 |      41 |       0 |   0.0
       D:12 |    4326 |    2230 |  34.0 |      26 |      25 |  49.0
       D:13 |    9554 |    3089 |  24.4 |      53 |       9 |  14.5
       D:14 |    5535 |    2107 |  27.6 |      13 |       1 |   7.1
       D:15 |    7763 |    5986 |  43.5 |      33 |      16 |  32.7
     Lair:1 |    1969 |    1501 |  43.3 |      10 |       8 |  44.4
     Lair:2 |    2390 |    1985 |  45.4 |      15 |       6 |  28.6
     Lair:3 |    2763 |    5874 |  68.0 |      16 |      13 |  44.8
     Lair:4 |    4084 |    3095 |  43.1 |      16 |       9 |  36.0
     Lair:5 |    2030 |    1123 |  35.6 |       8 |       1 |  11.1
     Lair:6 |    8197 |    8448 |  50.8 |      26 |      30 |  53.6
    Swamp:1 |   10655 |       0 |   0.0 |      40 |       0 |   0.0
    Swamp:2 |    7547 |    1499 |  16.6 |      23 |       1 |   4.2
    Swamp:3 |   10029 |    1991 |  16.6 |      20 |       3 |  13.0
    Swamp:4 |   12324 |   14045 |  53.3 |      35 |      22 |  38.6
   Spider:1 |    9203 |    2109 |  18.6 |      28 |       1 |   3.4
   Spider:2 |   14600 |   11864 |  44.8 |      39 |       4 |   9.3
   Spider:3 |   12273 |    3254 |  21.0 |      38 |       2 |   5.0
   Spider:4 |   13707 |   19241 |  58.4 |      42 |      40 |  48.8
      Orc:1 |    4408 |       0 |   0.0 |      40 |       0 |   0.0
      Orc:2 |    3330 |    5058 |  60.3 |      46 |      37 |  44.6
      Elf:1 |    9968 |   12188 |  55.0 |      19 |      29 |  60.4
      Elf:2 |   17559 |   25987 |  59.7 |      29 |      38 |  56.7
      Elf:3 |   16193 |   42805 |  72.6 |      24 |      49 |  67.1
   Vaults:1 |   16457 |   20533 |  55.5 |      38 |      49 |  56.3
   Vaults:2 |   34939 |   14879 |  29.9 |      60 |      22 |  26.8
   Vaults:3 |   29097 |   25542 |  46.7 |      44 |      28 |  38.9
   Vaults:4 |   38588 |   25761 |  40.0 |      55 |      21 |  27.6
   Depths:1 |   29325 |    4109 |  12.3 |      42 |       5 |  10.6
   Depths:2 |    1418 |    4793 |  77.2 |       1 |       5 |  83.3
     WizLab |     739 |   42399 |  98.3 |       1 |      44 |  97.8
   Gauntlet |       0 |    4305 | 100.0 |       0 |      13 | 100.0
            +---------+---------+-------+---------+---------+-------
